 Dungeon Sprint DCSS version 0.18.1-48-g4cf74bf (webtiles) character file.

435 Joat the Quickloader (level 7, -4/52 HPs)
             Began as a Kobold Hunter on Aug 26, 2016.
             Was a Follower of Cheibriados.
             Slain by a vampiric glaive (9 damage)
             ... in the Dungeon (Sprint V: "Ziggurat Sprint").
             The game lasted 00:06:29 (243 turns).

Joat the Quickloader (Kobold Hunter)                 Turns: 243, Time: 00:06:29

Health: -4/52      AC:  0    Str: 12    XL:     7   Next: 21%
Magic:  7/7        EV: 30    Int: 11    God:    Cheibriados [*.....]
Gold:   0          SH:  0    Dex: 33    Spells: 0 memorised, 6 levels left

rFire  . . .     SeeInvis +     J - +9 heavy crossbow "Sniper" {velocity, nevermiss, SInv}
rCold  . . .     Gourm    .     (no armour)
rNeg   . . .     Faith    .     (shield currently unavailable)
rPois  .         Spirit   .     (no helmet)
rElec  .         Dismiss  .     (no cloak)
rCorr  .         Reflect  .     (no gloves)
SustAt .         Harm     .     (no boots)
MR     .....     NoTele   +     (no amulet)
Stlth  +.........               D - +6 ring of dexterity
                                C - +6 ring of dexterity

@: confused, very slow, not resistant to hostile enchantments, very unstealthy
A: carnivore 3
a: Bend Time, Renounce Religion


You were in the Dungeon.
You worshipped Cheibriados.
Cheibriados was aware of your devotion.
You were not hungry.

You visited 1 branch

Inventory:

Hand Weapons
 J - the +9 heavy crossbow "Sniper" (weapon) {velocity, nevermiss, SInv}
   (You found it in the Dungeon)

   Any bolt fired from it inflicts extra damage.
   It lets you see invisible.
 K - the +6 Majin-Bo {vamp, Archmagi MP+6 Int+6}
   (You found it in the Dungeon)

   It inflicts no extra harm, but heals its wielder somewhat when it strikes a
   living foe.
   It affects your intelligence (+6).
   It affects your magic capacity (+6).
Missiles
 d - 1016 bolts (quivered)
Magical Staves
 M - an uncursed staff of energy
Jewellery
 C - a +6 ring of dexterity (left hand)
 D - a +6 ring of dexterity (right hand)
 E - a +6 ring of intelligence
 F - a +6 ring of intelligence
 G - a +6 ring of strength
 H - a +6 ring of strength
Wands
 l - a wand of disintegration (7/24)
 m - a wand of iceblast (5/15)
 n - a wand of lightning (5/15)
 o - a wand of acid (5/15)
Scrolls
 k - 4 scrolls of blinking
 v - 4 scrolls of amnesia
 w - 3 scrolls of recharging
 x - 7 scrolls of fog
 y - a scroll of holy word
 z - 5 scrolls of identify
 A - 5 scrolls of remove curse
 B - 2 scrolls of fear
Potions
 e - 10 potions of curing
 g - 10 potions of heal wounds
 h - 6 potions of haste
 i - 7 potions of magic
 j - 3 potions of berserk rage
 p - 2 potions of brilliance
 q - 2 potions of invisibility
 r - 4 potions of resistance
 t - 5 potions of agility
 u - 5 potions of might
Miscellaneous
 L - a disc of storms
 N - a crystal ball of energy
Comestibles
 f - 5 meat rations


   Skills:
 + Level 10.0 Fighting
 + Level 11.5 Crossbows
 + Level 10.7 Dodging
 - Level 1.3 Stealth


You had 6 spell levels left.
You didn't know any spells.

Dungeon Overview and Level Annotations

Branches:
Dungeon (1/1)

Altars:
Ashenzari
Cheibriados
Dithmenos
Elyvilon
Fedhas
Gozag
Kikubaaqudgha
Makhleb
Nemelex Xobeh
Okawaru
Pakellas
Qazlal
Ru
Sif Muna
Trog
Vehumet
Xom
Yredelemnul
Zin
The Shining One
Beogh
Jiyva
Lugonu


Innate Abilities, Weirdness & Mutations

You are small and have problems with some larger weapons.
You are carnivorous and can eat meat at any time.


Message History

Firing (i - inventory):
d - 1018 bolts (quivered)
Press: ? - help, Shift-Dir - straight line, f - deep elf archer, p - deep elf archer
Aim: a deep elf archer, wielding a longbow and wearing a leather armour (repelling missiles)
You shoot a bolt. The bolt hits the vampiric glaive!
The vampiric glaive is severely damaged.
The deep elf archer shoots an arrow.
The arrow completely misses you.
The vampiric glaive hits you from afar!!
Ouch! That really hurt!
The vampiric glaive draws strength from your injuries!
The deep elf archer casts a spell at you.
You are confused.
Firing (i - inventory):
d - 1017 bolts (quivered)
Press: ? - help, Shift-Dir - straight line, f - vampiric glaive, p - deep elf archer
Aim: a vampiric glaive (lightly damaged)
You shoot a bolt. The vampiric glaive barely misses you.
The deep elf archer shoots an arrow.
The arrow hits you!!
* * * LOW HITPOINT WARNING * * *
The deep elf archer shoots an arrow.
The arrow completely misses you. The vampiric glaive hits you from afar!
You die...

▓▓▓▓▓▓▓▓▓▓▓▓▓
▓.8©8.▓.8©8.▓
▓.=[).▓.....▓
▓.....▓.).).▓
▓..((.▓.....▓
▓.e(e.▓.....▓
▓.....▓.....▓
▓..@.(▓▓▓▓▓▓▓
▓▓▓▓▓▓▓


You could see 2 deep elf archers and a vampiric glaive.

Vanquished Creatures
  2 insubstantial wisps (D)
2 creatures vanquished.

Notes
Turn   | Place    | Note
--------------------------------------------------------------
     0 | D        | Joat the Kobold Hunter began the quest for the Orb.
     0 | D        | Reached XP level 1. HP: 12/12 MP: 1/1
     0 | D        | Found a viscous altar of Jiyva.
     0 | D        | Found a roughly hewn altar of Beogh.
     0 | D        | Found a corrupted altar of Lugonu.
     0 | D        | Found a white marble altar of Elyvilon.
     5 | D        | Became a worshipper of Cheibriados the Contemplative
     7 | D        | Found a sparkling altar of Nemelex Xobeh.
     8 | D        | Found a deep blue altar of Sif Muna.
     8 | D        | Found a burning altar of Makhleb.
     8 | D        | Found a bloodstained altar of Trog.
     8 | D        | Found an iron altar of Okawaru.
     8 | D        | Found a radiant altar of Vehumet.
    11 | D        | Found a shimmering altar of Xom.
   143 | D        | Entered arena 1.
   143 | D        | Noticed an insubstantial wisp
   143 | D        | Noticed an insubstantial wisp
   145 | D        | Killed an insubstantial wisp
   145 | D        | Reached skill level 8 in Crossbows
   145 | D        | Reached XP level 2. HP: 22/22 MP: 2/2
   145 | D        | Reached XP level 3. HP: 27/27 MP: 3/3
   145 | D        | Reached XP level 4. HP: 32/32 MP: 4/4
   145 | D        | Reached XP level 5. HP: 36/36 MP: 5/5
   148 | D        | Killed an insubstantial wisp
   148 | D        | Reached * piety under Cheibriados
   148 | D        | Reached skill level 9 in Crossbows
   148 | D        | Reached XP level 6. HP: 30/44 MP: 6/6
   160 | D        | Reached skill level 10 in Fighting
   160 | D        | Reached skill level 11 in Crossbows
   160 | D        | Reached skill level 10 in Dodging
   160 | D        | Reached XP level 7. HP: 38/52 MP: 7/7
   240 | D        | Entered arena 2.
   240 | D        | Noticed a vampiric glaive
   240 | D        | Noticed a deep elf archer
   240 | D        | Noticed a deep elf archer
   243 | D        | Slain by a vampiric glaive

Skill      XL: |  1  2  3  4  5  6 |
---------------+-------------------+-----
Fighting       | 6 7 10 | 10.0
Crossbows      | 8 9 11 | 11.5
Dodging        | 6 8 10 | 10.7
Stealth        | |  1.3

Action                   |  1- 3 |  4- 6 |  7- 9 || total
-------------------------+-------+-------+-------++-------
 Fire: Heavy crossbow    |     2 |     3 |     3 ||     8
  Use: Potion            |       |     1 |       ||     1
Dodge: Dodged            |       |     4 |     5 ||     9
